Map: 升格之链

Players

雷暴

  • Race: Protoss Protoss
  • Spawn Location: 11:00

绘里信徒格兰特

  • Race: Terran Terran
  • Spawn Location: 11:00

VOD

Have the link to the VOD?

Description

Time

  • Played on: Feb. 12, 2018, 12:47 a.m.
  • Length: 18:00
Show
View Real Time Build Order
Export as new Build Order

雷暴 Protoss 

Build Orders:  

Get SALT Encoding   

  12  0:03  Probe (Chrono Boost)  
  13  0:16  Probe (Chrono Boost)  
  14  0:33  Probe (Chrono Boost)  
  15  0:47  Probe (Chrono Boost)  
  16  1:01  Probe (Chrono Boost)  
  16  1:03  Pylon  
  16  1:09  Assimilator  
  17  1:14  Assimilator  
  17  1:15  Probe (Chrono Boost)  
  18  1:35  Probe (Chrono Boost)  
  19  1:49  Probe (Chrono Boost)  
  20  2:03  Probe (Chrono Boost)  
  21  2:17  Probe (Chrono Boost)  
  22  2:22  Gateway  
  22  2:25  Cybernetics Core  
  22  2:32  Probe (Chrono Boost)  
  22  2:34  Pylon  
  23  2:40  Forge  
  23  2:46  Probe (Chrono Boost)  
  24  2:56  Forge  
  24  3:00  Probe (Chrono Boost)  
  25  3:17  Probe (Chrono Boost)  
  25  3:19  Warp Gate  
  26  3:21  Talis' A.I. Personality  
  26  3:28  Purifier Armaments  
  26  3:30  Probe (Chrono Boost)  
  27  3:53  Observation Protocol  
  27  4:16  Probe (Chrono Boost)  
  28  4:21  Kaldalis' A.I. Personality  
  28  4:30  Probe (Chrono Boost)  
  28  4:35  Twilight Council  
  29  4:41  Fleet Beacon  
  29  4:51  Robotics Bay  
  29  5:19  A Strong Heart  
  29  5:20  Protoss Shields Level 1  
  29  5:23  Optimized Emitters  
  29  5:27  Debilitation System  
  29  5:31  Cybernetics Core  
  29  5:49  Clolarion's A.I. Personality  
  29  6:16  Empowered Blades  
  29  7:05  Psionic Projection  
  29  7:06  Protoss Ground Weapons Level 1  
  29  7:10  Interdictors  
  29  7:13  Warbringer's A.I. Personality  
  29  7:15  Extended Thermal Lance  
  29  7:17  Protoss Air Weapons Level 1  
  29  7:47  Robotics Facility  
  29  7:53  Charge  
  29  8:03  Pylon  
  29  8:43  Taldarin's A.I. Personality  
  29  8:51  Protoss Air Armor Level 1  
  29  8:58  Purification Blast  
  29  9:04  Graviton Catapult  
  29  10:24  Combat Sensor Array  
  29  10:34  Stargate  
  29  11:18  Protoss Ground Weapons Level 2  
  29  11:20  Protoss Shields Level 2  
  29  11:27  Gravimetric Overload  
  29  12:14  Mojo's A.I. Personality  
  29  12:57  Gravitic Boosters  
  29  13:57  Cloaking Module  
  90  14:50  Suppression Procedure  
  29  14:57  Purification Echo  
Show
View Real Time Build Order
Export as new Build Order

绘里信徒格兰特 Terran 

Build Orders:  

Get SALT Encoding   

  12  0:06  SCV  
  13  0:23  SCV  
  13  0:26  Supply Depot  
  5  0:40  SCV  
  15  0:45  Refinery  
  15  0:51  Refinery  
  16  1:00  SCV  
  16  1:17  SCV  
  17  1:24  Factory  
  17  1:34  SCV  
  18  1:42  Engineering Bay  
  19  1:51  SCV  
  19  2:02  Supply Depot  
  19  2:08  SCV  
  20  2:17  Fire-Suppression Systems  
  20  2:25  SCV  
  22  2:42  SCV  
  22  2:56  Armory  
  23  3:00  SCV  
  23  3:01  Perdition Turret  
  23  3:04  Upgrade Laser Drill Level 1  
  24  3:20  SCV  
  24  3:22  Devastation Turret  
  24  3:44  Factory  
  24  3:51  Perdition Turret  
  24  4:22  Devastation Turret  
  24  4:27  Devastation Turret  
  24  4:42  Perdition Turret  
  24  4:43  SCV  
  24  4:47  Building Armor  
  26  5:00  SCV  
  26  5:07  Perdition Turret  
  26  5:22  Perdition Turret  
  26  5:29  Upgrade Laser Drill Level 2  
  26  5:45  Perdition Turret  
  26  5:46  Perdition Turret  
  26  5:47  Spinning Dizzy  
  26  6:07  Spinning Dizzy  
  26  6:10  Perdition Turret  
  26  6:11  Perdition Turret  
  26  6:14  Devastation Turret  
  26  6:15  Devastation Turret  
  26  6:21  Spinning Dizzy  
  26  6:35  Starport  
  26  6:51  Perdition Turret x2  
  26  6:55  Perdition Turret  
  26  7:25  Starport Tech Reactor  
  27  7:30  SCV  
  27  7:32  Supply Depot  
  27  7:36  Supply Depot  
  27  7:47  SCV  
  28  8:04  SCV  
  30  8:21  SCV  
  30  8:26  Perdition Turret, Spinning Dizzy  
  30  8:29  Perdition Turret  
  30  8:38  SCV  
  31  8:50  Perdition Turret  
  31  8:54  Perdition Turret  
  31  8:56  Spinning Dizzy  
  31  9:15  Devastation Turret  
  31  9:16  Perdition Turret, Spinning Dizzy, Hercules  
  31  9:17  Hercules  
  31  9:18  Perdition Turret  
  31  9:19  Perdition Turret, Devastation Turret  
  37  9:20  Perdition Turret  
  37  9:33  Perdition Turret  
  37  9:34  Perdition Turret  
  37  9:39  Perdition Turret  
  37  9:45  Spinning Dizzy  
  37  9:47  Spinning Dizzy  
  37  9:48  Spinning Dizzy  
  37  9:50  Perdition Turret  
  37  9:55  Perdition Turret x2  
  32  10:10  Perdition Turret x2  
  32  10:13  Perdition Turret x2  
  32  10:19  SCV  
  29  10:29  Devastation Turret  
  29  10:36  SCV  
  30  10:46  Hercules  
  33  10:50  Spinning Dizzy  
  33  10:53  SCV  
  35  11:10  SCV  
  35  11:13  Hi-Sec Auto Tracking  
  35  11:19  Perdition Turret  
  35  11:20  Perdition Turret  
  35  11:24  Science Vessel  
  35  11:27  SCV  
  38  11:33  Perdition Turret x3  
  38  11:44  SCV  
  40  12:01  SCV  
  40  12:13  KMC Auto-Loaders  
  41  12:22  SCV  
  41  12:23  Science Vessel x2  
  45  12:31  Perdition Turret  
  45  12:32  Perdition Turret  
  45  12:39  Devastation Turret, SCV  
  46  12:43  Devastation Turret  
  46  12:48  Devastation Turret x2  
  46  12:49  Devastation Turret  
  46  12:52  Devastation Turret  
  46  13:07  Spinning Dizzy x2  
  46  13:21  Perdition Turret  
  46  13:29  Spinning Dizzy  
  46  13:34  SCV  
  46  13:35  Supply Depot  
  47  14:05  Science Vessel x2  
  47  14:07  Supply Depot  
  47  14:08  SCV  
  52  14:17  Perdition Turret x2  
  51  14:45  Perdition Turret, Spinning Dizzy x2  
  51  14:49  Perdition Turret  
  51  15:03  Improved Nano-Repair  
  51  15:37  Perdition Turret  
  51  15:38  Perdition Turret  
  51  15:39  Perdition Turret  
  51  15:40  Devastation Turret  
  51  15:41  Devastation Turret  
  51  15:42  Spinning Dizzy  
  51  15:57  SCV  
  52  16:02  Devastation Turret  
  52  16:05  Perdition Turret, Spinning Dizzy, Devastation Turret  
  52  16:07  Perdition Turret, Devastation Turret  
  52  16:10  Devastation Turret  
  52  16:23  SCV  
  52  16:25  Hercules  
  52  16:26  Spinning Dizzy  
  56  16:31  Perdition Turret  
  56  16:32  Devastation Turret  
  56  16:33  Devastation Turret  
  56  16:36  Spinning Dizzy  
  57  16:40  SCV  
  57  16:57  Devastation Turret  
  57  16:58  Devastation Turret  
  57  17:00  Devastation Turret  
  57  17:05  Perdition Turret  
  54  17:10  Perdition Turret  
  54  17:12  Perdition Turret  
  54  17:16  Perdition Turret  
  51  17:26  Perdition Turret  
  51  17:28  Perdition Turret  
  51  17:29  Perdition Turret x2  
  51  17:30  Perdition Turret x2  
  51  17:33  Perdition Turret  
  51  17:36  Perdition Turret  
  51  17:38  Perdition Turret  
  51  17:41  Perdition Turret x4  
  51  17:45  Perdition Turret x2  
Tags
 
Commander
FenixSwann
Matchup
Co-op
Replay Pack
Co-op Speedrun
Add a new tag
Caveats
  • Supply blocks, unpowered buildings, or Contaminate may cause inaccurate times.
  • Supply counts are checked every 10 seconds.